 Dungeon Crawl Stone Soup version 0.28.0-1-gb440e238dd (webtiles) character file.

Game seed: 7292016153381861883

11 croobank the Sneak (level 2, -11/14 HPs)
             Began as a Felid Delver on Feb 22, 2022.
             Mangled by an ogre (25 damage)
             ... on level 4 of the Dungeon.
             The game lasted 00:00:19 (19 turns).

croobank the Sneak (Felid Delver)                     Turns: 19, Time: 00:00:19

Health: -11/14     AC:  1    Str:  8    XL:     2   Next: 13%
Magic:  3/3        EV: 18    Int: 11    God:
Gold:   0          SH:  0    Dex: 17    Spells: 1/1 levels left
                                        Lives:  0   Deaths: 0

rFire   . . .      SeeInvis +     - Unarmed
rCold   . . .      Faith    .   (shield unavailable)
rNeg    . . .      Spirit   .   (armour unavailable)
rPois   .          Reflect  .   (helmet unavailable)
rElec   .          Harm     .   (cloak unavailable)
rCorr   .          Rampage  .   (gloves unavailable)
Will    .....                   (boots unavailable)
Stlth   ++++......              (no amulet)
HPRegen 0.04/turn               (no ring)
MPRegen 0.08/turn               (no ring)

@: quick
A: very small, claws 1, fangs 3, see invisible, speed 1, shaggy fur 1, stealthy
paws, no weapons or thrown items, no armour, multi-lived
a: no special abilities


You were on level 4 of the Dungeon.
You visited 1 branch of the dungeon, and saw 2 of its levels.

Inventory:

Wands
 e - a wand of digging (3)
Scrolls
 a - a scroll of fog
 b - a scroll of magic mapping
 c - a scroll of fear
 f - 3 scrolls of identify {unknown}
Potions
 d - a potion of haste


   Skills:
 + Level 3.1 Fighting
 + Level 3.0 Dodging
 + Level 6.8 Stealth
 + Level 2.2 Unarmed Combat


You had one spell level left.
You didn't know any spells.
Your spell library was empty.

Dungeon Overview and Level Annotations

Branches:
Dungeon (5/15)
 Temple: D:4-7

Altars:

Annotations:
D:5 Pikel


Innate Abilities, Weirdness & Mutations

You have sharp claws.
You have razor-sharp teeth.
You have supernaturally acute eyesight. (SInv)
You cover ground quickly. (Speed+)
You are covered in fur. (AC +1)
Your paws help you pounce on unaware monsters.
You are incapable of wielding weapons or throwing items.
You cannot wear armour.
You gain extra lives every three experience levels.


Message History

Welcome, croobank the Felid Delver.
The heart of this dungeon contains the marvelous artefact, the Orb of Zot.
Press ? for a list of commands and other information.
Found a runed mace, 15 stones, a club and 3 scrolls labelled KIR VACUNOQAU.
Found a stone staircase leading down.
Pikel and 2 lemures come into view.
Pikel is wielding a +1 whip of electrocution and wearing a +2 robe of resistance.
Found a stone staircase leading up.
You see here 3 scrolls labelled KIR VACUNOQAU.
f - 3 scrolls labelled KIR VACUNOQAU The lemure shouts!
Pikel shouts!
There is a stone staircase leading up here.
You climb upwards.
There is a stone staircase leading down here.
The helpless goblin fails to defend itself.
You mangle the goblin!!
You kill the goblin!
You pounce on the unaware helpless adder!
You mangle the adder!!
You kill the adder!
Your Dodging skill increases to level 3!
You have reached level 2!
Things that are here:
a +0 club; a goblin corpse
Found a viscous ruby potion.
The helpless ogre fails to defend itself.
You mangle the ogre!!
The ogre is severely wounded.
The ogre hits you with a +0 giant club!!
Ouch! That really hurt!
You die...

#####
##...##
#..⌠.>#
#@..)##
#....O#####
#..⌠..
#.....
#...!.
####.. #..
...


You could see an ogre.

Vanquished Creatures
  An adder (D:4)
  A goblin (D:4)
2 creatures vanquished.

Notes
Turn   | Place    | Note
-------+----------+-------------------------------------------
     0 | D:5      | croobank the Felid Delver began the quest for the Orb.
     0 | D:5      | Reached XP level 1. HP: 10/10 MP: 2/2
     4 | D:5      | Noticed Pikel
     4 | D:5      | Noticed a lemure
     4 | D:5      | Noticed a lemure
    12 | D:4      | Noticed an ogre
    15 | D:4      | Reached XP level 2. HP: 14/14 MP: 3/3
    19 | D:4      | Mangled by an ogre

Illustrated notes

Levels and vault maps discovered:
D:4:      layout_cave_pools, fedhas_ov_isle_minmay, serial_shops, shop,
          grunt_ministairs_4
D:5:      minmay_diamond_boxcup, layout_basic,
          yredelemnul_forgotten_temple_becter, uniq_pikel, uniq_duvessa

Skill      XL: |  1 |
---------------+----+-----
Dodging        | 3 |  3.0
Fighting       | |  3.1
Stealth        | |  6.8
Unarmed Combat | |  2.2

Action                   || total
-------------------------++-------
Melee: Unarmed           ||     3
 Stab: Sleeping          ||     3
